 Dungeon Crawl Stone Soup version 0.29-a0-717-g6dac4ea423 (webtiles) character file.

Game seed: 17422408664639967150

193 sammy202020 the Trooper (level 5, -1/48 HPs)
             Began as a Minotaur Fighter on June 27, 2022.
             Killed from afar by a starcursed mass (9 damage)
             ... with an accursed screaming
             ... on level 1 of the Abyss.
             The game lasted 00:02:14 (1649 turns).

sammy202020 the Trooper (Minotaur Fighter)          Turns: 1649, Time: 00:02:14

Health: -1/48      AC: 11    Str: 21    XL:     5   Next: 44%
Magic:  4/4        EV: 10    Int:  7    God:
Gold:   73         SH:  5    Dex:  9    Spells: 4/4 levels left

rFire   . . .      SeeInvis .   a - +0 war axe
rCold   . . .      Faith    .   c - +1 buckler
rNeg    . . .      Spirit   .   b - +0 scale mail
rPois   .          Reflect  .   (helmet restricted)
rElec   .          Harm     .   (no cloak)
rCorr   .          Rampage  .   (no gloves)
Will    .....                   (no boots)
Stlth   ..........              g - amulet of regeneration
HPRegen 0.96/turn               m - +4 ring of protection
MPRegen 0.09/turn               (no ring)

@: no status effects
A: horns 2, retaliatory headbutt
a: no special abilities


You were on level 1 of the Abyss.
You visited 1 branch of the dungeon, and saw 2 of its levels.
You visited the Abyss 1 time.

You collected 73 gold pieces.

Inventory:

Hand Weapons
 a - a +0 war axe (weapon)
 h - a +0 mace of protection
Armour
 b - a +0 scale mail (worn)
 c - a +1 buckler (worn)
Jewellery
 g - an amulet of regeneration (around neck)
 m - a +4 ring of protection (left hand)
Wands
 l - a wand of polymorph (8)
Scrolls
 d - 2 scrolls of identify
 e - 4 scrolls of teleportation
 j - a scroll of enchant armour
Potions
 f - a potion of invisibility
 i - a potion of cancellation {unknown}
 k - a potion of mutation {unknown}
 n - a potion of flight {unknown}
 o - a potion of might


   Skills:
 * Level 5.0 Fighting
 * Level 4.3 Axes
 + Level 4.2 Armour
 + Level 2.0 Dodging
 + Level 4.3 Shields


You had 4 spell levels left.
You didn't know any spells.
Your spell library contained the following spells:

 Spells                   Type           Power      Damage    Failure   Level
 Apportation              Tloc           0%         N/A       85%         1
 Necrotize                Necr           0%         1d4       85%         1
 Sandblast                Erth           0%         2d4       85%         1
 Summon Small Mammal      Summ           0%         N/A       85%         1
 Passwall                 Tmut/Erth      0%         N/A       94%         2
 Stone Arrow              Conj/Erth      0%         3d7       99%         3


Dungeon Overview and Level Annotations

Branches:
Dungeon (2/15)

Altars:

Annotations:
D:2 Crazy Yiuf


Innate Abilities, Weirdness & Mutations

You have a pair of horns on your head.
You reflexively headbutt those who attack you in melee.


Message History

The thrashing horror tramples you!
You hold your ground!
The thrashing horror tramples you but does no damage.
The thrashing horror tramples you!
You hold your ground!
The thrashing horror tramples you but does no damage.
A starcursed mass splits.
You are too injured to fight recklessly!
You are too injured to fight recklessly!
You are too injured to fight recklessly!
You are too injured to fight recklessly!
You are too injured to fight recklessly!
You are too injured to fight recklessly!
You are too injured to fight recklessly!
You are too injured to fight recklessly!
You are too injured to fight recklessly!
You are too injured to fight recklessly!
You are too injured to fight recklessly!
You are too injured to fight recklessly!
You are too injured to fight recklessly!
You are too injured to fight recklessly!
You are too injured to fight recklessly!
You are too injured to fight recklessly!
You are too injured to fight recklessly!
Unknown command.
You are too injured to fight recklessly!
You are too injured to fight recklessly!
Unknown command.
The thrashing horror roars!
The thrashing horror tramples you.
* * * LOW HITPOINT WARNING * * *
You hold your ground!
The thrashing horror barely misses you.
A starcursed mass splits.
A chorus of shrieks assaults your mind.
* * * LOW HITPOINT WARNING * * *
The thrashing horror attacks as you move away!
You block the thrashing horror's attack.
The thrashing horror closely misses you.
The thrashing horror tramples you but does no damage. x2
A starcursed mass splits. x2
A deafening chorus of shrieks assaults your mind!
You die...

## # ##.# .#
....#. ...#.
##... ## # #....
###..#..
#.##..####§#...#
#.....@....XX.##
###.#..X###.XXX.
#.##..X..#
###.##..###.
#..#...#..
#♣♣♣♣♣.#.......
♣...♣♣♣.##.......
# ##♣♣.
♣........#..
#...#♣.. ..♣
.#..## #


You could see 5 starcursed masses and a thrashing horror.

Vanquished Creatures
  Sigmund (D:2)
  2 ball pythons
  3 bats
  4 endoplasms
  A giant cockroach (D:2)
  4 hobgoblins
  3 kobolds
  2 quokkas (D:2)
  4 frilled lizards
  3 goblins
  7 rats
34 creatures vanquished.

Notes
Turn   | Place    | Note
-------+----------+-------------------------------------------
     0 | D:1      | sammy202020 the Minotaur Fighter began the quest for the
                  | Orb.
     0 | D:1      | Reached XP level 1. HP: 19/19 MP: 0/0
   330 | D:1      | Reached XP level 2. HP: 27/27 MP: 1/1
   544 | D:1      | Reached skill level 4 in Fighting
   984 | D:2      | Found a faded altar of an unknown god.
   986 | D:2      | Reached skill level 1 in Dodging
  1013 | D:2      | Reached XP level 3. HP: 33/33 MP: 2/2
  1145 | D:2      | Noticed Sigmund
  1168 | D:2      | Killed Sigmund
  1169 | D:2      | Reached skill level 5 in Fighting
  1169 | D:2      | Reached XP level 4. HP: 9/42 MP: 3/3
  1169 | D:2      | Reached XP level 5. HP: 10/48 MP: 4/4
  1571 | D:2      | Found a runed translucent door.
  1572 | D:2      | Noticed Crazy Yiuf
  1579 | Abyss:1  | Cast into level 1 of the Abyss (Crazy Yiuf)
  1638 | Abyss:1  | Noticed a thrashing horror
  1644 | Abyss:1  | Noticed a starcursed mass
  1649 | Abyss:1  | Killed from afar by a starcursed mass

Illustrated notes

Levels and vault maps discovered:
D:1:      psy_arrival_terrarium, layout_loops_cross, serial_park_tiny_2,
          dreamdust_princess_bridge, minmay_misc_feat_hallway,
          minmay_misc_feat_pillars, dk_noncrumbling_4, grunt_decor_cap,
          minivault_4
D:2:      layout_loops_ring, hellmonk_ecumenical_altar_prayer_group,
          fountainhead, uniq_sigmund, uniq_crazy_yiuf_cottage
Abyss:1:  base:
D:1

Skill      XL: |  1  2  3 |
---------------+----------+-----
Axes           | 3 4 |  4.3
Fighting       | 4 5 |  5.0
Dodging        | 1 2 |  2.0
Armour         | 4 |  4.2
Shields        | 4 |  4.3

Action                   |  1- 3 |  4- 6 || total
-------------------------+-------+-------++-------
Melee: War axe           |    74 |    12 ||    86
       Headbutt          |     8 |     4 ||    12
  Use: Scroll            |     3 |       ||     3
       Potion            |     1 |       ||     1
Armor: Scale mail        |    28 |    11 ||    39
Dodge: Dodged            |    24 |     7 ||    31
Block: Buckler           |    15 |     2 ||    17

Table legend: (Time is in decaauts)
 A = Elapsed time spent in this place.
 B = Non-inter-level travel time spent in this place.
 C = Inter-level travel time spent in this place.
 D = Time resting spent in this place.
 E = Time spent auto-exploring this place.
 F = Levels seen in this place.
 G = Mean time per level.
                   A        B        C        D        E       F      G
               +--------+--------+--------+--------+--------+-----+--------+
         Total |   1683 |   1683 |      0 |      0 |   1407 |   3 |  561.0 |
       Dungeon |   1611 |   1611 |      0 |      0 |   1351 |   2 |  805.5 |
         Abyss |     71 |     71 |      0 |      0 |     56 |   1 |   71.0 |
               +--------+--------+--------+--------+--------+-----+--------+

Top non-repeatable levels by time:
     D:1: 866 daAuts
     D:2: 745 daAuts
 Abyss:1: 71 daAuts
